[Event "Titled Tuesday Blitz July 18 Early 2023"]
[White "Phillips, Rene"]
[Black "Geivondian, Arman"]
[WhiteFideId "2056275"]
[BlackFideId "24102032"]
[WhiteElo "2046"]
[BlackElo "2537"]
[Result "0-1"]
[Round "1"]
[TimeControl "180+2"]
[Date "2023.07.18"]
[WhiteClock "0:01:47"]
[BlackClock "0:02:52"]
[Board "209"]

1. d4 Nf6 2. Bf4 e6 3. e3 c5 4. c3 Nc6 5. Nd2 d6 6. Bd3 cxd4 7. exd4 e5 8. Bg3 exd4 9. cxd4 Nxd4 10. Qa4+ Nc6 11. Ngf3 Be7 12. O-O O-O 13. Rfe1 Re8 14. Rad1 Bd7 15. Ne4 Ne5 16. Nxe5 Bxa4 17. Nxf6+ Bxf6 18. b3 Bxe5 0-1


[Site "https://www.chess.com"]

[Event "Titled Tuesday Blitz July 18 Early 2023"]
[White "Ortega Amarelle, Mariano"]
[Black "ogpin"]
[WhiteFideId "3504301"]
[WhiteElo "2536"]
[BlackElo "2045"]
[Result "1-0"]
[Round "1"]
[TimeControl "180+2"]
[Date "2023.07.18"]
[WhiteClock "0:01:25"]
[BlackClock "0:00:32"]
[Board "210"]

1. e4 e5 2. Nf3 Nc6 3. d4 exd4 4. Nxd4 Bc5 5. Nb3 Bb6 6. Nc3 Nge7 7. g3 a5 8. a4 d6 9. Bg2 Be6 10. O-O O-O 11. Nd5 Bxd5 12. exd5 Ne5 13. Nd4 Re8 14. f4 N5g6 15. Kh1 Bxd4 16. Qxd4 Nf5 17. Qd3 Qf6 18. Bd2 Nge7 19. Bc3 Qh6 20. Rae1 g6 21. g4 Nh4 22. Qd4 Kf8 23. g5 1-0


[Site "https://www.chess.com"]

[Event "Titled Tuesday Blitz July 18 Early 2023"]
[White "ilya2700"]
[Black "Jimenez Almeida, Luis David"]
[BlackFideId "22242244"]
[WhiteElo "2044"]
[BlackElo "2535"]
[Result "0-1"]
[Round "1"]
[TimeControl "180+2"]
[Date "2023.07.18"]
[WhiteClock "0:00:17"]
[BlackClock "0:00:12"]
[Board "211"]

1. e4 c5 2. c4 Nc6 3. Ne2 e5 4. d3 g6 5. Nbc3 Bg7 6. g3 Nge7 7. Bg2 d6 8. O-O O-O 9. f4 a6 10. Be3 Rb8 11. a4 Nd4 12. Bxd4 exd4 13. Nd5 Nxd5 14. cxd5 b5 15. axb5 axb5 16. Qd2 h5 17. h3 h4 18. g4 c4 19. dxc4 bxc4 20. Nxd4 Qb6 21. Rad1 Bd7 22. Kh1 Ba4 23. b3 cxb3 24. Nc6 b2 25. Rb1 Bxc6 26. dxc6 Rfd8 27. f5 Qxc6 28. f6 Bf8 29. Rxb2 Rxb2 30. Qxb2 Qc5 31. Qd2 Qe5 32. Qe3 d5 33. Rd1 d4 34. Qd3 Bd6 35. Kg1 Qxf6 36. Rf1 Qe5 37. Qf3 Qh2+ 38. Kf2 d3 39. Ke1 Bb4+ 40. Kd1 Qc7 41. Rf2 Ra8 42. Qf6 Bc3 43. Qxf7+ Qxf7 44. Rxf7 Ra1# 0-1


[Site "https://www.chess.com"]

[Event "Titled Tuesday Blitz July 18 Early 2023"]
[White "Palencia Morales, Wilson Guillermo"]
[Black "Slayyy_200"]
[WhiteFideId "4401859"]
[WhiteElo "2535"]
[BlackElo "2039"]
[Result "1-0"]
[Round "1"]
[TimeControl "180+2"]
[Date "2023.07.18"]
[WhiteClock "0:01:18"]
[BlackClock "0:00:17"]
[Board "212"]

1. d4 Nf6 2. c4 e6 3. Nf3 b6 4. g3 Bb7 5. Bg2 Be7 6. O-O O-O 7. Nc3 Ne4 8. Qc2 Nxc3 9. Qxc3 f5 10. b3 d6 11. Qc2 Nd7 12. Ng5 Bxg5 13. Bxb7 Rb8 14. Bc6 Bf6 15. Bb2 Qe7 16. e4 g6 17. exf5 exf5 18. Rfe1 Qg7 19. Qe2 Rbd8 20. a4 Bxd4 21. Qe6+ Rf7 22. Bxd4 Qxd4 23. Bd5 Ne5 24. Rad1 Qg4 25. Rxe5 Qxd1+ 26. Re1 Qd2 27. Qxf7+ 1-0


[Site "https://www.chess.com"]

[Event "Titled Tuesday Blitz July 18 Early 2023"]
[White "Feliz Dotel, Dewar Bienvenido"]
[Black "Roberson, Peter T"]
[WhiteFideId "6402801"]
[BlackFideId "412384"]
[WhiteElo "2037"]
[BlackElo "2534"]
[Result "0-1"]
[Round "1"]
[TimeControl "180+2"]
[Date "2023.07.18"]
[WhiteClock "0:00:00"]
[BlackClock "0:00:25"]
[Board "213"]

1. d4 Nf6 2. e3 b6 3. Nf3 Bb7 4. Be2 g6 5. b4 Bg7 6. Bb2 O-O 7. O-O d6 8. a4 a5 9. bxa5 Rxa5 10. c4 Nbd7 11. Bc3 Ra8 12. Nbd2 Re8 13. a5 bxa5 14. Rxa5 e5 15. dxe5 dxe5 16. Rxa8 Qxa8 17. Qa1 Ne4 18. Nxe4 Bxe4 19. Qxa8 Rxa8 20. Ra1 Rb8 21. h3 Rb3 22. Be1 Rb2 23. Kf1 Nc5 24. Bc3 Rc2 25. Bb4 Nd3 26. Bxd3 Bxd3+ 27. Kg1 h6 28. Ra8+ Kh7 29. Be7 Bxc4 30. Bd8 c5 31. Rc8 Bd5 32. Be7 c4 0-1


[Site "https://www.chess.com"]

[Event "Titled Tuesday Blitz July 18 Early 2023"]
[White "Bilan, Danila"]
[Black "Goughfather"]
[WhiteFideId "24161918"]
[WhiteElo "2533"]
[BlackElo "2003"]
[Result "0-1"]
[Round "1"]
[TimeControl "180+2"]
[Date "2023.07.18"]
[WhiteClock "0:00:04"]
[BlackClock "0:00:19"]
[Board "214"]

1. d4 d5 2. Nf3 Nf6 3. c4 c6 4. Nc3 dxc4 5. a4 Bf5 6. e3 e6 7. Bxc4 Bb4 8. O-O O-O 9. Qe2 Bg6 10. Ne5 c5 11. Nxg6 hxg6 12. dxc5 Qe7 13. e4 e5 14. Bg5 Nbd7 15. Nd5 Qxc5 16. Rac1 Nxd5 17. Bxd5 Qb6 18. h4 Nf6 19. Bxf6 Qxf6 20. Rc7 Qxh4 21. Rxb7 Rab8 22. Bxf7+ Kh7 23. Rxb8 Rxb8 24. Qa6 Rb6 25. Qxa7 Rf6 26. Bd5 Bd2 27. Qa6 Rxa6 0-1


[Site "https://www.chess.com"]

[Event "Titled Tuesday Blitz July 18 Early 2023"]
[White "AyMitecK"]
[Black "ivana_999"]
[WhiteElo "2532"]
[BlackElo "1916"]
[Result "1-0"]
[Round "1"]
[TimeControl "180+2"]
[Date "2023.07.18"]
[WhiteClock "0:01:21"]
[BlackClock "0:00:01"]
[Board "216"]

1. e4 e6 2. d4 d5 3. Nd2 Nf6 4. e5 Nfd7 5. f4 c5 6. c3 Nc6 7. Ndf3 Qb6 8. Ne2 cxd4 9. cxd4 Bb4+ 10. Nc3 a6 11. Be3 Qa5 12. Qd2 Bxc3 13. bxc3 b5 14. g4 Nb6 15. h4 Nc4 16. Bxc4 bxc4 17. O-O O-O 18. h5 Ne7 19. Nh4 Bd7 20. Rf2 f5 21. exf6 Rxf6 22. Re1 Qb6 23. f5 Rf7 24. Bg5 Raf8 25. Rfe2 h6 26. Bxe7 Rxe7 27. Ng6 Rfe8 28. Nxe7+ Rxe7 29. Qf4 e5 30. Rxe5 Rxe5 31. Qxe5 Bc6 32. Qe6+ Kh7 33. Qg6+ Kg8 34. f6 Qc7 35. Qxg7+ Qxg7 36. fxg7 Kxg7 37. Re6 Ba4 38. Rxa6 Bc2 39. Rd6 Be4 40. a4 Bc2 41. a5 Ba4 42. a6 Bb5 43. a7 Bd7 44. Rxd7+ Kf6 45. a8=Q Kg5 46. Kf2 Kxg4 47. Rf7 Kxh5 48. Qxd5+ Kh4 49. Qg2 Kh5 50. Rf5+ Kh4 51. Qg3# 1-0


[Site "https://www.chess.com"]

[Event "Titled Tuesday Blitz July 18 Early 2023"]
[White "Saim, Mohamed Ilias"]
[Black "Rangel, Daniel"]
[WhiteFideId "7900465"]
[BlackFideId "2124475"]
[WhiteElo "1911"]
[BlackElo "2532"]
[Result "0-1"]
[Round "1"]
[TimeControl "180+2"]
[Date "2023.07.18"]
[WhiteClock "0:00:00"]
[BlackClock "0:01:02"]
[Board "217"]

1. c4 Nf6 2. g3 e6 3. Bg2 d5 4. Nf3 Be7 5. O-O O-O 6. cxd5 exd5 7. d3 c6 8. b3 Re8 9. Bb2 h6 10. Nbd2 Bf5 11. Re1 Bh7 12. h3 Bf8 13. a4 a5 14. Bc3 Na6 15. Nd4 Nb4 16. N2f3 Qb6 17. Nc2 Nd7 18. Qd2 Nc5 19. Rab1 Ne6 20. Nxb4 axb4 21. Ba1 Rad8 22. Ne5 Nc7 23. Rbc1 Bd6 24. Nf3 Ne6 25. Kh2 c5 26. Qb2 d4 27. Nd2 Bb8 28. Nc4 Qc7 29. a5 Qe7 30. Nb6 h5 0-1


[Site "https://www.chess.com"]

[Event "Titled Tuesday Blitz July 18 Early 2023"]
[White "Santos Flores, Alberto"]
[Black "Skiadopoulos, Nikolaos"]
[WhiteFideId "3601234"]
[BlackFideId "4200772"]
[WhiteElo "2527"]
[BlackElo "1889"]
[Result "0-1"]
[Round "1"]
[TimeControl "180+2"]
[Date "2023.07.18"]
[WhiteClock "0:01:02"]
[BlackClock "0:00:36"]
[Board "218"]

1. e4 c5 2. Nf3 Nc6 3. Nc3 Nf6 4. d4 cxd4 5. Nxd4 e5 6. Ndb5 d6 7. Bg5 a6 8. Na3 b5 9. Bxf6 Qxf6 10. Nd5 Qd8 11. c4 b4 12. Nc2 Rb8 13. b3 Be7 14. Be2 Bg5 15. O-O O-O 16. Bg4 Be6 17. g3 Qd7 18. h3 g6 19. f4 Bxg4 20. hxg4 exf4 21. gxf4 Bd8 22. Kg2 Kg7 23. Rh1 h6 24. Qf3 a5 25. Rh3 a4 26. Rah1 Rh8 27. Qg3 axb3 28. axb3 Ra8 29. Kf3 Ra2 30. Qh2 Rxc2 31. Qg1 Rc3+ 32. Nxc3 bxc3 33. Qe3 Bf6 34. g5 Bd4 35. gxh6+ Rxh6 36. Rxh6 Bxe3 37. Kxe3 Qa7+ 38. Kf3 Nd4+ 39. Kg4 Qd7+ 40. Kg3 c2 41. R6h2 Qb7 42. Re1 Qxb3+ 43. Kg4 Qf3+ 44. Kg5 Qg3# 0-1


[Site "https://www.chess.com"]

[Event "Titled Tuesday Blitz July 18 Early 2023"]
[White "Navyblue1"]
[Black "Trifan, Andrei Ioan"]
[BlackFideId "12967068"]
[WhiteElo "1876"]
[BlackElo "2526"]
[Result "0-1"]
[Round "1"]
[TimeControl "180+2"]
[Date "2023.07.18"]
[WhiteClock "0:00:00"]
[BlackClock "0:02:07"]
[Board "219"]

1. d4 d5 2. c4 e6 3. Nc3 Nf6 4. cxd5 Nxd5 5. e4 Nxc3 6. bxc3 c5 7. Nf3 cxd4 8. cxd4 Bb4+ 9. Bd2 Bxd2+ 10. Qxd2 O-O 11. Bc4 b6 12. O-O Bb7 13. Qe3 Nd7 14. Rac1 Rc8 15. h3 Nf6 16. Bd3 Qe7 17. Ng5 h6 18. Nf3 Rfd8 19. Rfd1 Kh8 20. Bb1 Ba6 21. Bd3 Qa3 22. Bxa6 Qxa6 23. Rxc8 Rxc8 0-1


[Site "https://www.chess.com"]

[Event "Titled Tuesday Blitz July 18 Early 2023"]
[White "FoxOnTheRun97"]
[Black "Gyulamiryan-koryun"]
[WhiteElo "2526"]
[BlackElo "1862"]
[Result "1-0"]
[Round "1"]
[TimeControl "180+2"]
[Date "2023.07.18"]
[WhiteClock "0:00:16"]
[BlackClock "0:00:00"]
[Board "220"]

1. b3 Nf6 2. Bb2 g6 3. e4 d6 4. f4 Nbd7 5. Nf3 Bg7 6. d3 O-O 7. Be2 c5 8. O-O b5 9. a4 b4 10. Nbd2 Bb7 11. Nc4 a5 12. h3 Re8 13. Qe1 Qc7 14. Qh4 d5 15. exd5 Bxd5 16. Nfe5 Rad8 17. f5 Nxe5 18. Bxe5 Qa7 19. Rae1 Qa8 20. Bf3 Bxf3 21. Rxf3 Nd5 22. fxg6 hxg6 23. Qf2 Bf6 24. Qxc5 Kg7 25. Qxa5 Qc6 26. Qb5 Qa8 27. Rff1 Bxe5 28. Nxe5 Nf6 29. Nc6 Rc8 30. Nxe7 Rxc2 31. Qg5 Qa6 32. Qxf6+ Qxf6 33. Rxf6 Rxe7 34. Rxg6+ Kxg6 35. Rxe7 Rc1+ 36. Kh2 Rc3 37. Rb7 Rxb3 38. d4 Ra3 39. Rxb4 1-0


[Site "https://www.chess.com"]

[Event "Titled Tuesday Blitz July 18 Early 2023"]
[White "Castillo Pena, Patricia Evarista"]
[Black "Principe, Alexander"]
[WhiteFideId "6412106"]
[BlackFideId "3804542"]
[WhiteElo "1837"]
[BlackElo "2526"]
[Result "0-1"]
[Round "1"]
[TimeControl "180+2"]
[Date "2023.07.18"]
[WhiteClock "0:00:00"]
[BlackClock "0:01:49"]
[Board "221"]

1. d4 Nf6 2. Nf3 g6 3. Nc3 d5 4. Bf4 c6 5. e3 Bf5 6. Ne5 Nbd7 7. Be2 Bg7 8. g4 Be6 9. h3 Qa5 10. Qd2 O-O 11. g5 Nxe5 12. gxf6 exf6 13. dxe5 fxe5 14. Bg3 d4 15. exd4 exd4 16. Ne4 Qf5 17. Nd6 Qd5 18. Rg1 b5 19. Nb7 a5 20. Nxa5 d3 21. Bxd3 Bxb2 22. Rb1 Bf6 23. Nb3 Rxa2 24. Be2 Qe4 25. Qe3 Qxc2 26. Rc1 Bc3+ 27. Kf1 Bxh3+ 28. Rg2 Bxg2+ 29. Kxg2 Qxe2 30. Qxe2 Rxe2 31. Rxc3 h5 32. Rxc6 Rfe8 33. Nd4 R2e4 34. Nxb5 Ra8 35. Nd6 Re6 36. Rc7 Rf6 37. Ne4 Rf5 38. Nd6 Rf6 39. Ne4 Rfa6 40. Ng5 R6a7 41. Rxa7 Rxa7 42. Ne4 Ra4 43. Nf6+ Kg7 44. Nd7 f6 45. Nc5 Rc4 46. Ne6+ Kf7 47. Nf4 h4 0-1


[Site "https://www.chess.com"]

[Event "Titled Tuesday Blitz July 18 Early 2023"]
[White "Andreev, Konstantin"]
[Black "Da Paz, Leonardo Gadelha"]
[WhiteFideId "24239305"]
[BlackFideId "2109743"]
[WhiteElo "2525"]
[BlackElo "1812"]
[Result "1-0"]
[Round "1"]
[TimeControl "180+2"]
[Date "2023.07.18"]
[WhiteClock "0:02:17"]
[BlackClock "0:01:58"]
[Board "222"]

1. e4 c5 2. Nf3 d6 3. d4 cxd4 4. Nxd4 Nf6 5. Nc3 e6 6. g4 h6 7. h4 Nc6 8. Rg1 a6 9. Be3 Qc7 10. Qd2 b5 11. a3 Bb7 12. O-O-O Rc8 13. Kb1 Ne5 14. f3 Nc4 15. Bxc4 Qxc4 16. g5 hxg5 17. hxg5 Nd7 18. g6 f6 19. f4 e5 20. Nf5 b4 21. Nxd6+ Bxd6 22. Qxd6 bxc3 23. Qxd7+ Kf8 24. Bc5+ Qxc5 25. Qf7# 1-0


[Site "https://www.chess.com"]

[Event "Titled Tuesday Blitz July 18 Early 2023"]
[White "Kaiyrbekov, Rustam"]
[Black "Mortazavi, Ali"]
[WhiteFideId "13702424"]
[BlackFideId "401323"]
[WhiteElo "1675"]
[BlackElo "2524"]
[Result "0-1"]
[Round "1"]
[TimeControl "180+2"]
[Date "2023.07.18"]
[WhiteClock "0:01:29"]
[BlackClock "0:01:18"]
[Board "223"]

1. d4 Nf6 2. Nf3 g6 3. e3 Bg7 4. c4 O-O 5. Bd3 d6 6. Nc3 Nbd7 7. O-O e5 8. dxe5 dxe5 9. e4 c6 10. Be3 Qe7 11. Qc2 Nc5 12. Bxc5 Qxc5 13. a3 Bg4 14. b4 Qe7 15. Be2 Nh5 16. h3 Bxf3 17. Bxf3 Nf4 18. Rfd1 a5 19. b5 Rfd8 20. a4 Ne6 21. Ne2 h5 22. Rxd8+ Rxd8 23. Rd1 Bf8 24. Rxd8 Qxd8 25. g3 Bc5 26. Kg2 f6 27. h4 Qb6 28. Nc3 Bd4 29. Qd3 Qc5 30. Qe2 Bxc3 31. Bxh5 gxh5 32. Qxh5 Ng7 33. Qf5 Nxf5 34. exf5 0-1


[Site "https://www.chess.com"]

[Event "Titled Tuesday Blitz July 18 Early 2023"]
[White "Carlsen, Magnus"]
[Black "Iskusnyh, Sergei"]
[WhiteFideId "1503014"]
[BlackFideId "4120027"]
[WhiteElo "3287"]
[BlackElo "2640"]
[Result "1/2-1/2"]
[Round "2"]
[TimeControl "180+2"]
[Date "2023.07.18"]
[WhiteClock "0:00:09"]
[BlackClock "0:00:02"]
[Board "1"]

1. b3 d5 2. Bb2 Bf5 3. Nf3 e6 4. d3 h6 5. Nbd2 Nf6 6. g3 Be7 7. Bg2 O-O 8. O-O Bh7 9. e4 a5 10. exd5 exd5 11. a3 Nbd7 12. Re1 Re8 13. Nf1 c6 14. Bh3 Bd6 15. Qd2 Qc7 16. Rxe8+ Rxe8 17. Bc3 b6 18. b4 axb4 19. axb4 Ne5 20. Nxe5 Bxe5 21. Bxe5 Rxe5 22. Qf4 Bg6 23. Nd2 Qe7 24. Nf3 Re2 25. Qb8+ Kh7 26. Ra8 Ne8 27. Bf1 Re6 28. Qxb6 Nf6 29. Qb8 Ne8 30. Bh3 Re2 31. Bg4 f5 32. Bh3 Rxc2 33. Qf4 Qe2 34. Nh4 Qd1+ 35. Kg2 Rc1 36. Bxf5 Qf1+ 37. Kf3 Qd1+ 38. Ke3 Qe1+ 39. Kf3 Qd1+ 40. Kg2 Qf1+ 41. Kf3 Qd1+ 1/2-1/2


[Site "https://www.chess.com"]

[Event "Titled Tuesday Blitz July 18 Early 2023"]
[White "Schwabeneder, Florian"]
[Black "Nakamura, Hikaru"]
[WhiteFideId "1626191"]
[BlackFideId "2016192"]
[WhiteElo "2636"]
[BlackElo "3247"]
[Result "0-1"]
[Round "2"]
[TimeControl "180+2"]
[Date "2023.07.18"]
[WhiteClock "0:00:09"]
[BlackClock "0:01:20"]
[Board "2"]

1. e4 a6 2. d4 e6 3. Nf3 d5 4. e5 c5 5. c3 Bd7 6. h4 Bb5 7. Bxb5+ axb5 8. h5 h6 9. g3 Nc6 10. Kf1 b4 11. Kg2 bxc3 12. bxc3 c4 13. a4 Nge7 14. Na3 Na5 15. Nb5 Nc8 16. Ba3 Nb3 17. Bxf8 Kxf8 18. Ra2 Na7 19. Nd6 Nc8 20. Nxb7 Qc7 21. Nc5 Nxc5 22. dxc5 Qxc5 23. Nd4 Ne7 24. Qf3 Kg8 25. Rb1 Qc7 26. Qf4 Nc6 27. Nf3 Kh7 28. Rab2 Ra7 29. Rb6 Rc8 30. g4 f6 31. Rxc6 Qxc6 32. exf6 d4 33. cxd4 Rf7 34. d5 Qxd5 35. Rb5 Rxf6 36. Qe3 Qa8 37. Kg3 c3 38. g5 Rxf3+ 39. Qxf3 Qxf3+ 40. Kxf3 c2 0-1


[Site "https://www.chess.com"]

[Event "Titled Tuesday Blitz July 18 Early 2023"]
[White "Firouzja, Alireza"]
[Black "Schnaider, Ilan"]
[WhiteFideId "12573981"]
[BlackFideId "169013"]
[WhiteElo "3101"]
[BlackElo "2635"]
[Result "1-0"]
[Round "2"]
[TimeControl "180+2"]
[Date "2023.07.18"]
[WhiteClock "0:01:48"]
[BlackClock "0:00:01"]
[Board "3"]

1. d4 d5 2. Bg5 f6 3. Bf4 c5 4. e3 Nc6 5. Nc3 Be6 6. Nf3 g5 7. Bxg5 fxg5 8. Nxg5 Bf5 9. Bd3 Bxd3 10. cxd3 Nf6 11. Ne6 Qd6 12. Nb5 Qxe6 13. Nc7+ Kd7 14. Nxe6 Kxe6 15. dxc5 Kf7 16. d4 e5 17. dxe5 Nxe5 18. Rc1 Rc8 19. b4 b6 20. Qa4 Nd3+ 21. Kd2 Nxc1 22. Qxa7+ Kg6 23. Rxc1 bxc5 24. b5 Bd6 25. Qa6 Kf7 26. Ke2 Rhd8 27. b6 Ra8 28. Qb7+ Ke6 29. Rc2 Nd7 30. e4 d4 31. Qd5+ Ke7 32. Qg5+ Kf7 33. b7 Rab8 34. f4 Nf6 35. Kd3 h6 36. Qf5 Rxb7 37. e5 Be7 38. exf6 Bxf6 39. Rxc5 Re7 40. Qh7+ Kf8 41. Qxh6+ Bg7 42. Rf5+ Kg8 43. Rg5 Re3+ 44. Kd2 Re7 45. Qb6 Red7 46. h4 Ra8 47. Qe6+ Rf7 48. h5 Kf8 49. h6 Bf6 50. h7 Bg7 51. Qh6 Rxa2+ 52. Kd3 Ra3+ 53. Ke4 Re3+ 54. Kd5 Rd7+ 55. Kc6 Bxh6 56. h8=Q+ Ke7 57. Qh7+ Bg7 58. Rxg7+ 1-0


[Site "https://www.chess.com"]

[Event "Titled Tuesday Blitz July 18 Early 2023"]
[White "Ovchinnikov, Vsevolod"]
[Black "Dubov, Daniil"]
[WhiteFideId "24176842"]
[BlackFideId "24126055"]
[WhiteElo "2635"]
[BlackElo "3089"]
[Result "0-1"]
[Round "2"]
[TimeControl "180+2"]
[Date "2023.07.18"]
[WhiteClock "0:00:01"]
[BlackClock "0:01:54"]
[Board "4"]

1. d4 Nf6 2. c4 g6 3. Nc3 Bg7 4. e4 d6 5. Nf3 O-O 6. h3 Re8 7. Be3 Nc6 8. d5 Nb4 9. a3 Na6 10. b4 e6 11. Rc1 exd5 12. exd5 Bh6 13. Qd4 Nh5 14. Nd1 f5 15. Be2 f4 16. Bd2 Bg7 17. Qd3 Bf5 18. Qb3 Qe7 19. Ne3 fxe3 20. Bxe3 Nf4 21. Rd1 Nxg2+ 0-1


[Site "https://www.chess.com"]

[Event "Titled Tuesday Blitz July 18 Early 2023"]
[White "Theodorou, Nikolas"]
[Black "Florescu, Codrut-Constantin"]
[WhiteFideId "4262875"]
[BlackFideId "1202200"]
[WhiteElo "3086"]
[BlackElo "2635"]
[Result "1-0"]
[Round "2"]
[TimeControl "180+2"]
[Date "2023.07.18"]
[WhiteClock "0:00:24"]
[BlackClock "0:00:17"]
[Board "5"]

1. Nf3 d5 2. b3 e6 3. Bb2 Nf6 4. c4 Be7 5. g3 O-O 6. Bg2 c6 7. O-O a5 8. Nc3 Nbd7 9. d4 b6 10. Nd2 Ba6 11. Re1 b5 12. c5 b4 13. Na4 e5 14. dxe5 Ng4 15. e4 Ngxe5 16. Bxe5 Nxe5 17. exd5 Nd3 18. d6 Bf6 19. Re3 Bd4 20. Rxd3 Bxd3 21. Rc1 Qf6 22. Nf3 Bxf2+ 23. Kxf2 Be4 24. Qd4 Qf5 25. Re1 Bd5 26. Nb6 Rad8 27. Nxd5 cxd5 28. Re5 Qc2+ 29. Re2 Qf5 30. g4 Qb1 31. Qxd5 h5 32. gxh5 a4 33. c6 axb3 34. axb3 Qc1 35. d7 Qc3 36. Bh3 Ra8 37. Bf5 Qc1 38. Bg6 Qf4 39. Bd3 Qc1 40. Qf5 g6 41. hxg6 f6 42. Qd5+ Kg7 43. Re7+ Kh6 44. Rh7# 1-0


[Site "https://www.chess.com"]

[Event "Titled Tuesday Blitz July 18 Early 2023"]
[White "Mendez Fortes, Eduardo Jesus"]
[Black "Bortnyk, Olexandr"]
[WhiteFideId "3502376"]
[BlackFideId "14120828"]
[WhiteElo "2633"]
[BlackElo "3031"]
[Result "0-1"]
[Round "2"]
[TimeControl "180+2"]
[Date "2023.07.18"]
[WhiteClock "0:00:00"]
[BlackClock "0:00:27"]
[Board "6"]

1. e4 Nf6 2. e5 Nd5 3. d4 d6 4. Nf3 dxe5 5. Nxe5 c6 6. Bc4 Nd7 7. O-O Nxe5 8. dxe5 g6 9. h3 Bg7 10. Re1 O-O 11. Nd2 Bf5 12. c3 Nf4 13. Nf3 Nd3 14. Bxd3 Qxd3 15. Qxd3 Bxd3 16. Bg5 f6 17. Bf4 Rad8 18. Be3 a6 19. Bc5 Rfe8 20. Nd4 Rd5 21. exf6 Bxf6 22. b4 e5 23. Nb3 Kf7 24. Rad1 Bc2 25. Rc1 Bxb3 26. axb3 e4 27. Rc2 Rd3 28. Re3 Bg5 29. Ree2 h5 30. Bd4 Rd1+ 31. Kh2 h4 32. g3 Re6 33. Kg2 Ke7 34. Bc5+ Kd7 35. Be3 Bf6 36. gxh4 Rd3 37. Bg5 Bxc3 38. Bf4 Ke7 39. Re3 Rxe3 40. fxe3 Bxb4 41. Kg3 b5 42. Kg4 a5 43. h5 gxh5+ 44. Kxh5 a4 45. bxa4 bxa4 46. Rc4 c5 47. Kg5 a3 48. Rc2 c4 49. h4 Ra6 50. Ra2 c3 51. Be5 Ke6 52. Bd4 Kd5 53. h5 Kc4 54. Kf5 Kb3 55. Ra1 c2 56. h6 Rxh6 0-1


[Site "https://www.chess.com"]

[Event "Titled Tuesday Blitz July 18 Early 2023"]
[White "Bluebaum, Matthias"]
[Black "Komov, Roman"]
[WhiteFideId "24651516"]
[BlackFideId "24175714"]
[WhiteElo "3029"]
[BlackElo "2631"]
[Result "0-1"]
[Round "2"]
[TimeControl "180+2"]
[Date "2023.07.18"]
[WhiteClock "0:00:02"]
[BlackClock "0:00:03"]
[Board "7"]

1. d4 Nf6 2. c4 e6 3. Nc3 Bb4 4. e3 O-O 5. Bd2 c5 6. a3 Bxc3 7. Bxc3 Ne4 8. Ne2 b6 9. d5 Nxc3 10. Nxc3 d6 11. Be2 e5 12. O-O f5 13. b4 Nd7 14. Rb1 Nf6 15. bxc5 bxc5 16. Qa4 Qd7 17. Qc6 Qxc6 18. dxc6 Ba6 19. Rfd1 Rad8 20. a4 d5 21. c7 Rd7 22. Nxd5 Nxd5 23. Rxd5 Rxc7 24. Rxe5 Rd8 25. Rxf5 g6 26. Re5 Rd2 27. Bf1 Ra2 28. h4 Rxa4 29. Rc1 Ra2 30. h5 Kg7 31. g4 Bc8 32. f3 a5 33. Rb1 a4 34. Rb5 Bb7 35. e4 a3 36. Ra5 Ra1 37. Ra7 a2 38. Kf2 Rf7 39. Rxc5 Bxe4 40. Rxf7+ Kxf7 41. Ra5 Bxf3 42. h6 Bxg4 43. Bg2 Be6 44. Bd5 Bxd5 45. cxd5 Ke7 46. Kg2 Kd6 47. Kh2 g5 48. Kg2 g4 49. Kh2 g3+ 50. Kg2 Ke5 51. Ra8 Kxd5 52. Ra7 Ke5 53. Ra8 Kf6 54. Ra6+ Kg5 55. Ra5+ Kxh6 56. Ra6+ Kg5 57. Ra5+ Kf4 58. Ra4+ Ke5 59. Ra5+ Kd4 60. Ra4+ Kc5 61. Ra8 h5 62. Rc8+ Kb6 63. Rb8+ Kc7 64. Ra8 h4 65. Ra7+ Kb6 66. Rh7 h3+ 67. Rxh3 Rg1+ 68. Kxg1 a1=Q+ 69. Kg2 Kc5 70. Rxg3 Kd4 71. Rf3 Ke4 72. Rf2 Qg7+ 73. Kf1 Qg4 74. Re2+ Kd3 75. Rf2 Ke3 76. Rf8 Qd1+ 77. Kg2 Qd5+ 78. Kf1 Qb5+ 79. Kg2 Qg5+ 80. Kf1 Qb5+ 81. Kg2 Qc6+ 82. Kg1 Qg6+ 83. Kf1 Qc6 84. Kg1 Qg6+ 85. Kf1 Qh6 86. Re8+ Kf3 87. Ke1 Qc1# 0-1


[Site "https://www.chess.com"]

[Event "Titled Tuesday Blitz July 18 Early 2023"]
[White "Agibileg, Uurtsaikh"]
[Black "Martinez Alcantara, Jose Eduardo"]
[WhiteFideId "4901606"]
[BlackFideId "3805662"]
[WhiteElo "2630"]
[BlackElo "3026"]
[Result "0-1"]
[Round "2"]
[TimeControl "180+2"]
[Date "2023.07.18"]
[WhiteClock "0:00:00"]
[BlackClock "0:00:04"]
[Board "8"]

1. d4 Nf6 2. c4 e6 3. Nc3 Bb4 4. a3 Bxc3+ 5. bxc3 c5 6. f3 Nc6 7. e4 d6 8. Ne2 b6 9. Bg5 h6 10. Be3 Na5 11. Nc1 Ba6 12. Nb3 Nxc4 13. Bxc4 Bxc4 14. Kf2 Qc7 15. Nd2 Bb5 16. a4 Bc6 17. a5 O-O 18. g4 Nd7 19. h4 f5 20. gxf5 exf5 21. d5 f4 22. Bxf4 Rxf4 23. axb6 axb6 24. dxc6 Rxa1 25. Qb3+ Kh7 26. Rxa1 Qxc6 27. Ra7 Ne5 28. h5 Qe8 29. Qxb6 Qf8 30. Qb7 Nxf3 31. Nxf3 Rxf3+ 32. Ke2 Rf2+ 33. Kd3 Qf3+ 34. Kc4 Qe2+ 35. Kd5 Qd3+ 36. Ke6 Rf6+ 37. Ke7 Qc4 38. Qd5 Qxc3 39. Ra8 Qe5+ 40. Qxe5 dxe5 41. Rc8 Rf4 42. Rxc5 Rxe4 43. Ke6 Re1 44. Rxe5 Rf1 45. Rf5 Re1+ 46. Kf7 Rh1 0-1


[Site "https://www.chess.com"]

[Event "Titled Tuesday Blitz July 18 Early 2023"]
[White "Sarana, Alexey"]
[Black "Mohamed Anees M"]
[WhiteFideId "24133795"]
[BlackFideId "35065815"]
[WhiteElo "3022"]
[BlackElo "2630"]
[Result "1-0"]
[Round "2"]
[TimeControl "180+2"]
[Date "2023.07.18"]
[WhiteClock "0:01:09"]
[BlackClock "0:00:25"]
[Board "9"]

1. d4 d5 2. c4 c6 3. Nf3 Nf6 4. Nc3 e6 5. e3 Nbd7 6. Qc2 Bd6 7. Be2 O-O 8. O-O b6 9. e4 dxe4 10. Nxe4 Be7 11. Bf4 Nxe4 12. Qxe4 Bb7 13. Rfd1 Nf6 14. Qc2 h6 15. Ne5 Bd6 16. Bf3 Qc7 17. b4 Nd7 18. Nxd7 Qxd7 19. Bxd6 Qxd6 20. c5 Qc7 21. a4 Rfd8 22. Qc3 a5 23. Rab1 axb4 24. Qxb4 Rdb8 25. cxb6 Qd8 26. a5 Ra6 27. Qc5 Rba8 28. Ra1 Qg5 29. h4 Qf5 30. Qxf5 exf5 31. Re1 Kf8 32. Rac1 Rxa5 33. Bxc6 Bxc6 34. Rxc6 Rd5 35. b7 Rb8 36. Rc8+ Rd8 37. Rxd8+ Rxd8 38. Rc1 Ke7 39. Rc8 1-0


[Site "https://www.chess.com"]

[Event "Titled Tuesday Blitz July 18 Early 2023"]
[White "Chen, Justin"]
[Black "Duda, Jan-Krzysztof"]
[WhiteFideId "2098199"]
[BlackFideId "1170546"]
[WhiteElo "2623"]
[BlackElo "3017"]
[Result "0-1"]
[Round "2"]
[TimeControl "180+2"]
[Date "2023.07.18"]
[WhiteClock "0:00:56"]
[BlackClock "0:00:58"]
[Board "10"]

1. d4 e6 2. e4 d5 3. e5 c5 4. c3 Nc6 5. Nf3 Bd7 6. Bd3 cxd4 7. cxd4 Qb6 8. Be2 Nge7 9. b3 Nf5 10. Bb2 Bb4+ 11. Kf1 h5 12. g3 Be7 13. Kg2 g5 14. h3 O-O-O 15. Na3 g4 16. Ne1 Nfxd4 17. Bd3 Nxe5 18. Bf1 Nec6 19. Rc1 e5 20. Nac2 gxh3+ 21. Kg1 Bg4 22. Qd2 Nxc2 23. Nxc2 d4 24. Bxh3 Bxh3 25. Rxh3 h4 26. gxh4 Rdg8+ 27. Kf1 Rxh4 28. Rxh4 Qb5+ 29. Qe2 Rg1+ 30. Kxg1 Qxe2 0-1


[Site "https://www.chess.com"]